[Event "Early-Titled-Tuesday-Blitz-August-29-2023"]
[Site "Chess.com"]
[Date "2023.08.29"]
[Round "2"]
[White "kidagent"]
[Black "DeArron_Fox"]
[Result "0-1"]
[WhiteElo "2281"]
[BlackElo "2495"]
[TimeControl "180+1"]
[EndTime "8:16:30 PDT"]
[Termination "DeArron_Fox won by resignation"]

1. e4 c5 2. Nf3 e6 3. d4 cxd4 4.
Nxd4 a6 5. Nc3 b5 6. a3 Bb7 7. g3 Nc6 8. Nde2 Bc5 9. Bg2 Nf6 10. O-O Qc7 11. Bf4 Ne5 12. h3 h6 13. Kh2 g5 14. Bxe5 Qxe5 15. f4 gxf4 16. gxf4 Qc7 17. Qd3 Rg8 18. Bf3 O-O-O 19. b4 d5 20. e5 d4 21. exf6 dxc3 22. Qxc3 Bxf3 23. Rxf3 Bd6 24. Qxc7+ Bxc7 25. Rd3 Rxd3 26. cxd3 e5 27. fxe5 Bxe5+ 28. Kh1 Bxa1 0-1

[Event "Early-Titled-Tuesday-Blitz-August-29-2023"]
[Site "Chess.com"]
[Date "2023.08.29"]
[Round "2"]
[White "biostatistician"]
[Black "FormerProdigy"]
[Result "0-1"]
[WhiteElo "2573"]
[BlackElo "2883"]
[TimeControl "180+1"]
[EndTime "8:16:32 PDT"]
[Termination "FormerProdigy won by resignation"]

1. d4 Nf6 2. Nf3 e6 3. c4 b6 4. Nc3 Bb4 5. Qc2 Bb7 6. a3 Bxc3+ 7. Qxc3 O-O 8. g3 a5 9. Bg2 a4 10. O-O d6 11. Re1 Nbd7 12. Bh3 Ne4 13. Qc2 f5 14.
Bg2 Ra7 15. Rd1 Qe7 16. Ne1 e5 17. e3 Qf7 18. Nd3 Ng5 19. Nb4 Nf3+ 20. Kh1 Qh5 21. h4 Be4 22. Qe2 g5 23. Rg1 gxh4 24. gxh4 Qxh4+ 25. Bh3+ Nxg1+ 26. Kxg1 Qxh3 0-1

[Event "Early-Titled-Tuesday-Blitz-August-29-2023"]
[Site "Chess.com"]
[Date "2023.08.29"]
[Round "2"]
[White "Irina_Barchuk"]
[Black "masterofpuppets2"]
[Result "1-0"]
[WhiteElo "2259"]
[BlackElo "2439"]
[TimeControl "180+1"]
[EndTime "8:16:33 PDT"]
[Termination "Irina_Barchuk won by resignation"]

1. e4 c5 2. Nf3 Nc6 3. d4 cxd4 4.
Nxd4 Nf6 5. Nc3 d6 6. Be3 Ng4 7.
Bb5 Nxe3 8. fxe3 Bd7 9. O-O Ne5 10. Nf3 Ng6 11. Ng5 Ne5 12. Qd5 e6 13. Qxb7 Rb8 14.
Bxd7+ Nxd7 15. Qxa7 Qxg5 16. a4 Qc5 17. Qxc5 Nxc5 18.
Nb5 f6 19. Rfd1 Nxe4 20. Rd4 f5 21. Rad1 Be7 22. b4 Kf7 23. c4 Rhc8 24. a5 Ra8 25. g4 g6 26. gxf5 gxf5 27. Kf1 Rcb8 28. Nc7 Ra7 29. Nb5 Rxb5 30. cxb5 Nc3 31. b6 Ra8 32. Rc1 Nb5 33. Rdc4 d5 34. Rc8 Rxc8 35. Rxc8 Nd6 36. Rc7 Ke8 37. a6 1-0

[Event "Early-Titled-Tuesday-Blitz-August-29-2023"]
[Site "Chess.com"]
[Date "2023.08.29"]
[Round "2"]
[White "Marcin"]
[Black "Kirill_Klukin"]
[Result "0-1"]
[WhiteElo "2473"]
[BlackElo "2804"]
[TimeControl "180+1"]
[EndTime "8:16:34 PDT"]
[Termination "Kirill_Klukin won by resignation"]

1. e4 c5 2. Nf3 Nc6 3. c3 Qa5 4. g3 Nf6 5. Qe2 d6 6. Bg2 Bg4 7. O-O g6 8. h3 Bxf3 9. Bxf3 Bg7 10. d3 O-O 11. Nd2 Rab8 12. Nc4 Qc7 13. Ne3 b5 14. a3 a5 15. Bg2 b4 16. axb4 axb4 17. Bd2 e6 18. Rfb1 Nd7 19. Nc4 Rb7 20. Bf4 Nde5 21.
Nxe5 Bxe5 22. Bxe5 dxe5 23. Qe3 Qd6 24. Rd1 bxc3 25. bxc3 Rfb8 26. Bf1 Kg7 27. h4 h5 28. Ra6 Rb3 29. Qc1 R8b6 30. Rxb6 Rxb6 31. Qa3 Rb7 32.
d4 exd4 33. cxd4 Nxd4 34. Bg2 Rb4 35. Kh2 Qb6 36. Qe3 e5 37. Ra1 Nc2 38. Qc3 Nxa1 39. Qxe5+ Qf6 40. Qxc5 Rb2 41. Kg1 Nb3 42. Qc7 Qxf2+ 0-1

[Event "Early-Titled-Tuesday-Blitz-August-29-2023"]
[Site "Chess.com"]
[Date "2023.08.29"]
[Round "2"]
[White "le_poisson"]
[Black "zimmm36"]
[Result "1-0"]
[WhiteElo "2335"]
[BlackElo "2703"]
[TimeControl "180+1"]
[EndTime "8:16:34 PDT"]
[Termination "le_poisson won by resignation"]

1. e4 c6 2. d4 d5 3. e5 Bf5 4. h4 h5 5. Bd3 Bxd3 6. Qxd3 Qa5+ 7. b4 Qxb4+ 8. Nd2 e6 9. Rb1 Qe7 10. c4 dxc4 11. Nxc4 Qd7 12. Nf3 Na6 13. Ba3 c5 14.
O-O Nh6 15. Qe4 Qd5 16. Qe2 Nf5 17. Rfd1 cxd4 18. Bxf8 Kxf8 19. Nd6 Nc5 20. Nxf5 exf5 21. Rxd4 Qe6 22. Ng5 Qe7 23. Qc4 b6 24. Rbd1 Kg8 25.
Rd8+ 1-0

[Event "Early-Titled-Tuesday-Blitz-August-29-2023"]
[Site "Chess.com"]
[Date "2023.08.29"]
[Round "2"]
[White "Hoshka"]
[Black "fabianvivasz"]
[Result "0-1"]
[WhiteElo "1999"]
[BlackElo "2435"]
[TimeControl "180+1"]
[EndTime "8:16:34 PDT"]
[Termination "fabianvivasz won by resignation"]

1. d4 Nf6 2. c4 c6 3. Nf3 d5 4.
Nc3 e6 5. g3 dxc4 6. Bg2 Nbd7 7. Nd2 Nb6 8. a4 Qxd4 9. a5 Nbd5 10. Qc2 Bb4 11. e3 Qd3 12. Qxd3 cxd3 13. Na2 Bxa5 14. O-O e5 15. e4 Bxd2 16. Bxd2 Nb6 17. Bb4 Be6 18. Nc1 O-O-O 19. Rd1 d2 20. Rxd2 Rxd2 21. Bxd2 Rd8 22. Bg5 Rd1+ 23. Bf1 Bc4 24. Ne2 Rxa1 0-1

[Event "Early-Titled-Tuesday-Blitz-August-29-2023"]
[Site "Chess.com"]
[Date "2023.08.29"]
[Round "2"]
[White "amintabatabaei"]
[Black "Rutricks"]
[Result "1-0"]
[WhiteElo "2957"]
[BlackElo "2620"]
[TimeControl "180+1"]
[EndTime "8:16:35 PDT"]
[Termination "amintabatabaei won by resignation"]

1. e4 g6 2. d4 Bg7 3. Nc3 c6 4.
Nf3 d5 5. h3 dxe4 6. Nxe4 Nf6 7. Bd3 Nxe4 8. Bxe4 Nd7 9. c3 O-O 10. Bf4 Re8 11. O-O Qb6 12. Qd2 e5 13. dxe5 Nxe5 14. Nxe5 Bxe5 15. Rfe1 Bxf4 16. Qxf4 Be6 17. Re2 Qb5 18.
Bf3 Bc4 19. a4 Qb3 20. Rd2 Rad8 21. Ra3 Re1+ 22. Kh2 Rxd2 23. Qxd2 1-0

[Event "Early-Titled-Tuesday-Blitz-August-29-2023"]
[Site "Chess.com"]
[Date "2023.08.29"]
[Round "2"]
[White "Cherneevo_23"]
[Black "PeshkaCh"]
[Result "0-1"]
[WhiteElo "2419"]
[BlackElo "2788"]
[TimeControl "180+1"]
[EndTime "8:16:35 PDT"]
[Termination "PeshkaCh won by resignation"]

1. Nf3 Nf6 2. c4 e6 3. Nc3 d5 4. d4 Be7 5. Bg5 O-O 6. e3 b6 7.
Rc1 Bb7 8. Bxf6 Bxf6 9. cxd5 exd5 10. Bd3 Nd7 11. O-O c6 12. b4 Re8 13. Re1 Nf8 14. Qb3 Qd6 15. Red1 Ne6 16. a4 Rab8 17. e4 Nxd4 18.
Nxd4 Bxd4 19. exd5 Qf4 20. Rc2 cxd5 21. Nxd5 Qe5 22.
Nc3 Qg5 23. Bf1 Be5 24. Nd5 Qh5 25. g3 Qxd1 0-1

[Event "Early-Titled-Tuesday-Blitz-August-29-2023"]
[Site "Chess.com"]
[Date "2023.08.29"]
[Round "2"]
[White "cthake"]
[Black "guillembaches"]
[Result "0-1"]
[WhiteElo "1848"]
[BlackElo "2427"]
[TimeControl "180+1"]
[EndTime "8:16:37 PDT"]
[Termination "guillembaches won by resignation"]

1. e4 d5 2. exd5 Qxd5 3. Nc3 Qa5 4. d4 Nf6 5. Bd2 Bg4 6. Nf3 e6 7. Ne4 Qb6 8. Nxf6+ gxf6 9. Be2 Nc6 10. c3 O-O-O 11.
h3 Bf5 12. O-O Qxb2 13. Nh4 Bc2 14. Qe1 Ba3 15. Nf3 Rhg8 16. Bc4 Na5 17. Qe2 Nxc4 18. Qxc4 Be4 19. Bc1 Qxa1 20. Bxa3 Bd5 21. Qxd5 Qxf1+ 22. Kxf1 Rxd5 0-1

[Event "Early-Titled-Tuesday-Blitz-August-29-2023"]
[Site "Chess.com"]
[Date "2023.08.29"]
[Round "2"]
[White "Dedic8"]
[Black "santosalberto1987"]
[Result "1-0"]
[WhiteElo "2827"]
[BlackElo "2550"]
[TimeControl "180+1"]
[EndTime "8:16:40 PDT"]
[Termination "Dedic8 won by resignation"]

1. d4 d5 2. c4 c6 3. Nf3 Nf6 4. e3 Bf5 5. Nc3 e6 6. Nh4 Bg4 7. Qb3 Qb6 8. h3 Bh5 9. g4 Bg6 10. g5 Ng8 11. Nxg6 hxg6 12. c5 Qc7 13. e4 Nd7 14. Be3 Ne7 15. O-O-O dxe4 16. Nxe4 Nd5 17. Kb1 Be7 18. Bg2 O-O-O 19. Rhe1 Kb8 20. Bc1 Ka8 21. a3 Nf4 22. Bf1 Rh4 23. Qg3 Rdh8 24. Nd6 Bxd6 25. cxd6 Qxd6 26. Re4 e5 27. Rde1 Ne6 28. Rxh4 Rd8 29.
dxe5 Qc5 30. Rc4 Qa5 31. Qc3 Qc7 32. Bg2 Nb6 33. Rh4 Nd5 34. Bxd5 Rxd5 35. Rh8+ 1-0

[Event "Early-Titled-Tuesday-Blitz-August-29-2023"]
[Site "Chess.com"]
[Date "2023.08.29"]
[Round "2"]
[White "miraitrunks"]
[Black "ShahMatKanal"]
[Result "0-1"]
[WhiteElo "1970"]
[BlackElo "2429"]
[TimeControl "180+1"]
[EndTime "8:16:46 PDT"]
[Termination "ShahMatKanal won by checkmate"]

1. e4 c5 2. Nf3 d6 3. d4 cxd4 4.
Nxd4 Nf6 5. Nc3 e6 6. Bc4 Be7 7. Bb3 O-O 8. Be3 a6 9. f3 b5 10. Qd2 Bb7 11. O-O-O Nc6 12. g4 Nd7 13. Qf2 Nc5 14.
Nxc6 Nxb3+ 15. axb3 Bxc6 16. h4 a5 17. h5 a4 18.
bxa4 b4 19. Ne2 Rxa4 20. g5 Bxg5 21. Rdg1 Bf6 22. Nd4 Bd7 23. f4 e5 24. Nb3 exf4 25. Bxf4 Be6 26. Bxd6 Bxb3 27. Bxf8 Ra1# 0-1

[Event "Early-Titled-Tuesday-Blitz-August-29-2023"]
[Site "Chess.com"]
[Date "2023.08.29"]
[Round "2"]
[White "vovachesss"]
[Black "MrAnnihilation"]
[Result "1-0"]
[WhiteElo "2793"]
[BlackElo "2420"]
[TimeControl "180+1"]
[EndTime "8:16:52 PDT"]
[Termination "vovachesss won by resignation"]

1. e4 d6 2. d4 Nf6 3. Nc3 e5 4. Nf3 Nbd7 5. Rg1 c6 6. g4 h6 7. Be3 b5 8. a3 Bb7 9. Qd2 a5 10. g5 hxg5 11. Nxg5 g6 12. O-O-O b4 13. Nb1 d5 14.
dxe5 Nxe5 15. Bd4 Qe7 16. exd5 Nxd5 17. Bxe5 Qxe5 18. Re1 Bg7 19. f4 Qxe1+ 20. Qxe1+ Kf8 21. Bc4 Rxh2 22. Qg3 Rh5 23. Nxf7 Ne7 24. Ne5 Bh6 25.
Nxg6+ 1-0

[Event "Early-Titled-Tuesday-Blitz-August-29-2023"]
[Site "Chess.com"]
[Date "2023.08.29"]
[Round "2"]
[White "AlexandraSamaganova"]
[Black "joksijoksi"]
[Result "1-0"]
[WhiteElo "2350"]
[BlackElo "2506"]
[TimeControl "180+1"]
[EndTime "8:16:52 PDT"]
[Termination "AlexandraSamaganova won by resignation"]

1. c4 c6 2. e4 d5 3. exd5 cxd5 4. d4 Nf6 5. Nc3 e6 6. Nf3 Be7 7. Bg5 O-O 8. Bd3 dxc4 9. Bxc4 Nbd7 10. O-O Nb6 11. Bb3 h6 12. Bh4 Nfd5 13. Bxe7 Nxe7 14.
Qd3 Nbd5 15. Rfe1 b6 16. Bc2 Ng6 17. Qd2 Nh4 18. Nxh4 Qxh4 19. Re4 Qd8 20. Rae1 Bb7 21. Rg4 Nf6 22. Rg3 Rc8 23. Qxh6 1-0

[Event "Early-Titled-Tuesday-Blitz-August-29-2023"]
[Site "Chess.com"]
[Date "2023.08.29"]
[Round "2"]
[White "Zampronha1971"]
[Black "Carlitus2004"]
[Result "0-1"]
[WhiteElo "2296"]
[BlackElo "2507"]
[TimeControl "180+1"]
[EndTime "8:16:53 PDT"]
[Termination "Carlitus2004 won by checkmate"]

1. e4 g6 2. d4 Bg7 3. Nc3 d5 4.
exd5 Nf6 5. Bc4 O-O 6. Nge2 Nbd7 7. Bb3 a6 8. a4 b6 9. O-O Bb7 10. Nf4 Re8 11. Re1 Nf8 12. Qd3 h6 13. Qh3 Qd6 14. Bd2 Rad8 15. Re2 Qd7 16. Qxd7 Rxd7 17. Rae1 g5 18.
Nd3 Nxd5 19. Bxd5 Bxd5 20. Nxd5 Rxd5 21. Rxe7 Rxe7 22. Rxe7 Rxd4 23. Rxc7 Rxa4 24. h4 gxh4 25. Rc6 b5 26. b3 Ra1+ 27. Kh2 Ne6 28. Rb6 Bd4 29.
Rb7 Kg7 30. Nb4 Be5+ 31. Kh3 Kg6 32. Kxh4 f5 33. g3 Rh1# 0-1

[Event "Early-Titled-Tuesday-Blitz-August-29-2023"]
[Site "Chess.com"]
[Date "2023.08.29"]
[Round "2"]
[White "LionTheLeon_06"]
[Black "YEIKO2017"]
[Result "0-1"]
[WhiteElo "2771"]
[BlackElo "2458"]
[TimeControl "180+1"]
[EndTime "8:16:54 PDT"]
[Termination "YEIKO2017 won on time"]

1. e4 c5 2. Nf3 Nf6 3. e5 Nd5 4. Nc3 Nxc3 5. dxc3 Nc6 6. Bf4 Qb6 7. b3 Qc7 8. Qd2 e6 9. h4 h6 10. O-O-O a6 11.
h5 b5 12. Bd3 c4 13. Be4 Ba3+ 14. Kb1 Bb7 15. Qe3 Ne7 16. g4 O-O-O 17. Bg3 Bxe4 18. Qxe4 Nd5 19. Rxd5 exd5 20. Qxd5 Qc6 21. Rd1 Rhe8 22. b4 Re6 23. Ka1 f6 24. Qxc6+ dxc6 25. Rxd8+ Kxd8 26. Nd4 Re8 27. e6 c5 0-1

[Event "Early-Titled-Tuesday-Blitz-August-29-2023"]
[Site "Chess.com"]
[Date "2023.08.29"]
[Round "2"]
[White "twofoxniel"]
[Black "Oleksandr_Bortnyk"]
[Result "1/2-1/2"]
[WhiteElo "2660"]
[BlackElo "3022"]
[TimeControl "180+1"]
[EndTime "8:16:55 PDT"]
[Termination "Game drawn by repetition"]

1. e4 Nf6 2. Nc3 d5 3. exd5 Nxd5 4. Bc4 Nb6 5. Bb3 c5 6. d3 Nc6 7. h3 Bf5 8. Nf3 e6 9. O-O Be7 10. Re1 O-O 11. Bf4 Na5 12. Ne5 Rc8 13. Qf3 a6 14. Rad1 f6 15. Ng4 Nxb3 16. axb3 Qd7 17.
Ne3 Bg6 18. Nc4 Nd5 19. Nxd5 Qxd5 20. Qxd5 exd5 21. Rxe7 dxc4 22. bxc4 Rf7 23. Rde1 h6 24. Bd6 b5 25. Re8+ Rxe8 26. Rxe8+ Kh7 27. Re7 Rxe7 28. Bxe7 bxc4 29. dxc4 Bxc2 30. Bxc5 Bb3 31. f4 Bxc4 32. b4 Kg6 33. Kf2 h5 34. g4 Bd3 35. Kg3 Be2 36. f5+ Kf7 37. Kf4 g5+ 38. fxg6+ Kxg6 39. gxh5+ Bxh5 40. h4 Be2 41. Be7 Bb5 42. Bc5 Bc4 43.
Be7 Bd3 44. Bc5 f5 45. Be7 Kh5 46. Bg5 Bc2 47. Be7 Bb1 48. Bg5 Bc2 49. Be7 Bb1 50. Bg5 Bc2 1/2-1/2

[Event "Early-Titled-Tuesday-Blitz-August-29-2023"]
[Site "Chess.com"]
[Date "2023.08.29"]
[Round "2"]
[White "gshwbedhkhd"]
[Black "VerdeNotte"]
[Result "0-1"]
[WhiteElo "2588"]
[BlackElo "2903"]
[TimeControl "180+1"]
[EndTime "8:16:55 PDT"]
[Termination "VerdeNotte won by resignation"]

1. e4 e5 2. Nf3 Nc6 3. Nc3 Nf6 4. a3 g6 5. d4 exd4 6. Nxd4 Bg7 7. Bg5 O-O 8. Nxc6 bxc6 9. Qd3 h6 10. Bh4 d6 11.
O-O-O g5 12. Bg3 Nh5 13. Be2 Nxg3 14. hxg3 Rb8 15. f4 Qf6 16. e5 dxe5 17. Ne4 Qg6 18. Bh5 Qe6 19. fxg5 Qa2 20. Rh4 Qxb2+ 21. Kd2 Bf5 22.
Ke2 hxg5 23. Nf6+ Bxf6 24. Qxf5 gxh4 25. Qxf6 Qxc2+ 26. Rd2 Qe4+ 27. Kf2 hxg3+ 0-1

[Event "Early-Titled-Tuesday-Blitz-August-29-2023"]
[Site "Chess.com"]
[Date "2023.08.29"]
[Round "2"]
[White "GeorgiosSouleidis"]
[Black "RobertoJBM"]
[Result "1/2-1/2"]
[WhiteElo "2566"]
[BlackElo "2831"]
[TimeControl "180+1"]
[EndTime "8:16:57 PDT"]
[Termination "Game drawn by repetition"]

1. e4 c6 2. Nc3 d5 3. Nf3 dxe4 4. Nxe4 Bg4 5. h3 Bxf3 6. Qxf3 Nd7 7. d4 Ndf6 8. Nxf6+ Nxf6 9. c3 Qd5 10. Be2 e6 11. O-O Qxf3 12. Bxf3 Be7 13. a4 a6 14. Rd1 O-O-O 15.
b4 Nd5 16. Bd2 Nb6 17. Be1 Bd6 18. Rdb1 Rhe8 19. b5 axb5 20. axb5 c5 21. Rc1 c4 22. Ra7 Re7 23. Bd2 Nd5 24. Kf1 Rc7 25. Rb1 Kb8 26.
Rba1 Kc8 27. g3 h6 28. Rb1 Kb8 29. Rba1 Kc8 30. Rb1 Kb8 31. Rba1 Kc8 1/2-1/2

[Event "Early-Titled-Tuesday-Blitz-August-29-2023"]
[Site "Chess.com"]
[Date "2023.08.29"]
[Round "2"]
[White "hitaman"]
[Black "mapleaff"]
[Result "1-0"]
[WhiteElo "2706"]
[BlackElo "2286"]
[TimeControl "180+1"]
[EndTime "8:16:57 PDT"]
[Termination "hitaman won by resignation"]

1. e4 e5 2. Nf3 Nc6 3. Nc3 Nf6 4. d4 exd4 5. Nxd4 Bb4 6. Nxc6 bxc6 7. Bd3 d5 8. Bd2 Bxc3 9. Bxc3 dxe4 10. Bxf6 Qxf6 11. Bxe4 O-O 12. O-O Qxb2 13. Bxc6 Rb8 14. Rb1 Qxb1 15. Qxb1 Rxb1 16. Rxb1 Rd8 17. Bf3 Kf8 18. Rb8 Ke7 19. Ra8 a6 20. h3 Bf5 21.
Rxa6 Bxc2 22. Rc6 Bd1 23. Rxc7+ Kf6 24. Be4 Rd4 25. Bxh7 Bh5 26. g4 Bxg4 27. hxg4 Rxg4+ 28. Kf1 Ra4 29. Bg8 Rxa2 30. Rxf7+ Kg6 31. Rxg7+ Kxg7 32.
Bxa2 1-0

[Event "Early-Titled-Tuesday-Blitz-August-29-2023"]
[Site "Chess.com"]
[Date "2023.08.29"]
[Round "2"]
[White "cottage_cheese"]
[Black "Mikedannnn"]
[Result "0-1"]
[WhiteElo "2290"]
[BlackElo "2594"]
[TimeControl "180+1"]
[EndTime "8:16:58 PDT"]
[Termination "Mikedannnn won by resignation"]

1. e4 c5 2. Nf3 e6 3. d4 cxd4 4. Nxd4 Nc6 5. Nc3 Qc7 6. g3 a6 7. Bg2 Nf6 8. Be3 Be7 9. O-O O-O 10. a4 d6 11. f4 Bd7 12. Nb3 b6 13. Qd2 Rab8 14.
h3 Na5 15. Nxa5 bxa5 16. Rad1 Rxb2 17. e5 dxe5 18. fxe5 Qxe5 19. Bd4 Bc5 20. Rf2 Bxd4 21. Qxd4 Qxd4 22. Rxd4 Rc8 23. Ne4 Nxe4 24. Bxe4 Be8 25. Rfd2 Kf8 26. Rd8 Rxd8 27. Rxd8 Ke7 28. Ra8 Rb6 29.
c4 Bxa4 30. c5 Rb4 31. c6 Rxe4 32. c7 Bd7 33. Ra7 Rc4 0-1

[Event "Early-Titled-Tuesday-Blitz-August-29-2023"]
[Site "Chess.com"]
[Date "2023.08.29"]
[Round "2"]
[White "Hamisandwich"]
[Black "Colombiano07"]
[Result "1/2-1/2"]
[WhiteElo "2601"]
[BlackElo "2390"]
[TimeControl "180+1"]
[EndTime "8:16:58 PDT"]
[Termination "Game drawn by repetition"]

1. e4 c6 2. d4 d5 3. exd5 cxd5 4. c4 Nf6 5. Nc3 Nc6 6. Bg5 e6 7. c5 Be7 8. a3 a5 9. Nf3 O-O 10. Bb5 Bd7 11. O-O b6 12. Bxc6 Bxc6 13. Ne5 Be8 14. b4 axb4 15. axb4 Rxa1 16. Qxa1 bxc5 17. bxc5 h6 18. Be3 Qc7 19. f4 Bc6 20. Rb1 Nd7 21. Nb5 Bxb5 22. Rxb5 Nxe5 23. fxe5 Rb8 24. Qb2 Rxb5 25.
Qxb5 Qa7 26. Qe8+ Kh7 27. Qxf7 Bxc5 28. Qxe6 Bxd4 29. Bxd4 Qxd4+ 30. Kf1 Qf4+ 31. Ke2 Qe4+ 32. Kf2 Qf4+ 33. Ke2 Qe4+ 34. Kf2 Qf4+ 35. Ke2 1/2-1/2

[Event "Early-Titled-Tuesday-Blitz-August-29-2023"]
[Site "Chess.com"]
[Date "2023.08.29"]
[Round "2"]
[White "Cheer_Down"]
[Black "MdChess1734"]
[Result "0-1"]
[WhiteElo "2516"]
[BlackElo "2369"]
[TimeControl "180+1"]
[EndTime "8:16:58 PDT"]
[Termination "MdChess1734 won by resignation"]

1. e4 c6 2. d4 d5 3. exd5 cxd5 4.
Bd3 Nc6 5. c3 Nf6 6. h3 Qc7 7.
Nf3 g6 8. Nbd2 Bg7 9. O-O O-O 10. Re1 Bf5 11. Nb3 Rac8 12. Nc5 b6 13. Bxf5 gxf5 14. Nd3 Ne4 15. Bf4 Qd8 16. Nfe5 Nxe5 17. Bxe5 e6 18. f3 Nd6 19. Qd2 Nc4 20. Qf4 f6 21. Bb8 Rxb8 22. Rxe6 Qd7 23. Rae1 Rbe8 24. Qxf5 Rxe6 25.
Rxe6 Ne3 0-1

[Event "Early-Titled-Tuesday-Blitz-August-29-2023"]
[Site "Chess.com"]
[Date "2023.08.29"]
[Round "2"]
[White "FGHSMN"]
[Black "SaqoChess_Twitch"]
[Result "1-0"]
[WhiteElo "2942"]
[BlackElo "2613"]
[TimeControl "180+1"]
[EndTime "8:17:00 PDT"]
[Termination "FGHSMN won by checkmate"]

1. e4 c5 2. Nf3 d6 3. d4 cxd4 4. Nxd4 Nf6 5. Nc3 g6 6. Be3 Bg7 7. Be2 O-O 8. O-O Nc6 9. Qd2 d5 10. Nxc6 bxc6 11. e5 Ng4 12. Bxg4 Bxg4 13. Bh6 Bxe5 14.
Bxf8 Qxf8 15. Rae1 Bg7 16. Na4 e5 17. c3 h5 18. h3 Be6 19. b4 a5 20. Nc5 Bf5 21. a4 d4 22. cxd4 exd4 23. Rc1 axb4 24. Qxb4 Qd6 25. Rfd1 Rb8 26. Qc4 Rb2 27. Nd3 Bxd3 28.
Qxd3 c5 29. a5 Ra2 30. Ra1 Qd5 31. a6 c4 32. Qf3 Qa5 33. Rxa2 Qxa2 34. Qb7 Qa4 35. Rb1 d3 36. a7 Bf8 37. a8=Q Qc2 38. Qb4 Kh7 39. Qaxf8 d2 40. Qxf7+ Kh6 41. Qbf8+ Kg5 42.
Qf4# 1-0

[Event "Early-Titled-Tuesday-Blitz-August-29-2023"]
[Site "Chess.com"]
[Date "2023.08.29"]
[Round "2"]
[White "LiamPutnam2008"]
[Black "Actuary44"]
[Result "1-0"]
[WhiteElo "2804"]
[BlackElo "2471"]
[TimeControl "180+1"]
[EndTime "8:17:02 PDT"]
[Termination "LiamPutnam2008 won by resignation"]

1. d4 Nf6 2. c4 g6 3. Nc3 Bg7 4. e4 d6 5. f3 O-O 6. Nge2 Na6 7. Be3 c5 8. Qd2 cxd4 9. Nxd4 Nc5 10. Be2 a6 11. O-O Bd7 12. Rfd1 Qa5 13. a3 Ne6 14. Nd5 Qd8 15. Rac1 Nxd5 16. cxd5 Nc5 17. Bc4 b5 18. Ba2 Rc8 19. b4 Na4 20. Rxc8 Qxc8 21. Rc1 Qb7 22. Nc6 Re8 23. Bb3 Nb6 24. Qf2 Nc8 25.
Na5 Qb8 26. Qc2 Nb6 27. Qc7 Bb2 28. Qxb8 Rxb8 29. Rc7 Bxa3 30. Bxb6 Rxb6 31. Rxd7 Bxb4 32. Nc6 Bc5+ 33. Kf1 e6 34. dxe6 Rxc6 35. e7 1-0

[Event "Early-Titled-Tuesday-Blitz-August-29-2023"]
[Site "Chess.com"]
[Date "2023.08.29"]
[Round "2"]
[White "Mihaiionescu1"]
[Black "Xavier_mompel"]
[Result "1-0"]
[WhiteElo "2510"]
[BlackElo "2306"]
[TimeControl "180+1"]
[EndTime "8:17:02 PDT"]
[Termination "Mihaiionescu1 won by resignation"]

1. Nf3 d5 2. g3 Nf6 3. Bg2 c5 4. O-O Nc6 5. d4 e6 6. c4 dxc4 7. dxc5 Bxc5 8. Qxd8+ Kxd8 9. Nbd2 c3 10. bxc3 Ke7 11. Nb3 Bb6 12. Ba3+ Ke8 13. Rfd1 Bd7 14. Rac1 a5 15. Nbd4 Nxd4 16. Nxd4 Ra7 17. Rb1 Bxd4 18. Rxd4 b5 19. Bd6 Kd8 20. a4 Ra6 21. axb5 Rb6 22. Bc5 Rb8 23. b6 Kc8 24. b7+ 1-0

[Event "Early-Titled-Tuesday-Blitz-August-29-2023"]
[Site "Chess.com"]
[Date "2023.08.29"]
[Round "2"]
[White "fireheart92"]
[Black "benny_aizenberg"]
[Result "0-1"]
[WhiteElo "2960"]
[BlackElo "2649"]
[TimeControl "180+1"]
[EndTime "8:17:03 PDT"]
[Termination "benny_aizenberg won by checkmate"]

1. g3 h5 2. Bg2 h4 3. e4 c5 4.
Nc3 d6 5. g4 Nc6 6. h3 e5 7. d3 Nge7 8. f4 exf4 9. Bxf4 Ng6 10.
Be3 Be7 11. Qd2 Be6 12. Nge2 O-O 13. O-O Rb8 14. a4 a6 15. Nd5 Bxd5 16. exd5 Nce5 17.
a5 Bf6 18. Kh1 Re8 19. Nc3 Nd7 20. Ne4 Bxb2 21. Nxd6 Bxa1 22. Nxe8 Be5 23. Nxg7 Bxg7 24. Qf2 Qe8 25. Be4 c4 26. d6 cxd3 27. cxd3 Qe6 28. Ba7 Rf8 29. Bxb7 Qxd6 30. Be4 Nge5 31. Bd4 Nxg4 32. Qf5 Qh2# 0-1

[Event "Early-Titled-Tuesday-Blitz-August-29-2023"]
[Site "Chess.com"]
[Date "2023.08.29"]
[Round "2"]
[White "seopie"]
[Black "the_drake"]
[Result "1-0"]
[WhiteElo "2660"]
[BlackElo "2405"]
[TimeControl "180+1"]
[EndTime "8:17:03 PDT"]
[Termination "seopie won by resignation"]

1. b3 Nf6 2. Bb2 g6 3. g3 Bg7 4.
Bg2 O-O 5. Nf3 d5 6. O-O c6 7. d3 Bg4 8. h3 Bxf3 9. Bxf3 e6 10. Nd2 Nbd7 11. Bg2 a5 12. a3 b5 13. e3 Qb6 14. Qe2 c5 15. Kh1 Rfc8 16. Rab1 Rab8 17.
f4 Qa6 18. g4 c4 19. Bd4 c3 20.
Nf3 b4 21. a4 Re8 22. Rbe1 Qc6 23. Qf2 Re7 24. Qh4 Ree8 25. Re2 Qc7 26. Ref2 Qd8 27. Qg3 Re7 28. Kg1 Ne8 29. Bxg7 Kxg7 30. h4 Nd6 31.
Ne5 Rb6 32. h5 f6 33. Nxd7 Qxd7 34. hxg6 hxg6 35. g5 f5 36. Bf3 Re8 37. Rh2 Rbb8 38. Kg2 Rh8 39. Rfh1 Rxh2+ 40. Qxh2 Nf7 41. Qh7+ Kf8 42.
Qxg6 Ke7 43. Rh7 Rf8 44. Qf6+ Ke8 45. Bh5 Qe7 46. Qxe7+ Kxe7 47. g6 Kd6 48. g7 Rg8 49. Bxf7 Rxg7+ 50. Rxg7 e5 51. d4 1-0

[Event "Early-Titled-Tuesday-Blitz-August-29-2023"]
[Site "Chess.com"]
[Date "2023.08.29"]
[Round "2"]
[White "VSanduleac"]
[Black "Virgo15"]
[Result "0-1"]
[WhiteElo "2417"]
[BlackElo "2759"]
[TimeControl "180+1"]
[EndTime "8:17:04 PDT"]
[Termination "Virgo15 won by resignation"]

1. e4 e6 2. Qe2 c5 3. Nf3 Nc6 4. g3 Nf6 5. Bg2 d5 6. d3 Be7 7.
O-O b5 8. Nbd2 O-O 9. Re1 Bb7 10. e5 Nd7 11. Nf1 c4 12. d4 c3 13. b3 b4 14.
a4 bxa3 15. Bxa3 Bxa3 16. Rxa3 a5 17. Qe3 Nb4 18. Rc1 Rc8 19. h4 f5 20. exf6 Rxf6 21. N1h2 Nf8 22. Ng4 Rf7 23. Nge5 Rf6 24. h5 h6 25. Bf1 Ba6 26. Bxa6 Nxa6 27. Rca1 Nb4 28. Qe2 Ra8 29. Ne1 Qb6 30. N5f3 Rf5 31. Nd3 Nxc2 32. Qxc2 Rxf3 33. Nc5 e5 34. Kg2 e4 35. Nxe4 Rf7 36. Nc5 Re8 37. Rxa5 Qf6 38. Ra7 Qf3+ 39. Kg1 Re2 40.
Qxe2 Qxe2 41. Rxf7 Kxf7 42. Ra7+ Kg8 0-1

[Event "Early-Titled-Tuesday-Blitz-August-29-2023"]
[Site "Chess.com"]
[Date "2023.08.29"]
[Round "2"]
[White "Macron20hTF1"]
[Black "VladimirKramnik"]
[Result "0-1"]
[WhiteElo "2619"]
[BlackElo "2956"]
[TimeControl "180+1"]
[EndTime "8:17:05 PDT"]
[Termination "VladimirKramnik won by resignation"]

1. e4 c5 2. Nf3 e6 3. c3 Nf6 4. e5 Nd5 5. d4 cxd4 6. cxd4 d6 7.
Bc4 Be7 8. O-O O-O 9. Qe2 b6 10.
Rd1 Nc6 11. Nc3 dxe5 12. dxe5 Nxc3 13. bxc3 Qc7 14. Bd3 Bb7 15. Qe4 g6 16. Bh6 Rfd8 17. Qf4 Rd7 18. Ng5 Nxe5 19. Bb5 Rxd1+ 20. Rxd1 Qxc3 21. h4 Rd8 22. Rxd8+ Bxd8 23. Be8 f5 24. f3 Bc7 25. Qa4 Qe1+ 26. Kh2 Nxf3+ 0-1